PL
BOSTON PATRIOTS @ PHOENIX HOTSPUR
05/13/2033
 
TOP OF THE 1ST
Boston Patriots batting - Pitching for Phoenix Hotspur : RHP Miguel Rubia
Pitching: RHP Miguel Rubia
Batting: RHB Terry Armstrong 0-0: Called Strike
0-1: Foul Ball, location: 2F
0-2: Ground out U3 (Groundball, 34S)
Batting: LHB Manuel Carmona 0-0: Ground out 4-3 (Groundball, 4)
Batting: LHB Jesús Reyes 0-0: Called Strike
0-1: Ball
1-1: Ground out 4-3 (Groundball, 4)
Top of the 1st over - 0 runs, 0 hits, 0 errors, 0 left on base; Boston 0 - Phoenix 0
BOTTOM OF THE 1ST
Phoenix Hotspur batting - Pitching for Boston Patriots : RHP José García
Pitching: RHP José García
Batting: LHB Wagaw Lukongolo 0-0: Ball
1-0: Ball
2-0: Ground out 4-3 (Groundball, 34D)
Batting: RHB Pierre Bernard 0-0: Ball
1-0: Ground out 3-1 (Groundball, 34S)
Batting: LHB Tadayoshi Watanabe 0-0: Fly out, F4 (Popup, 34S)
Bottom of the 1st over - 0 runs, 0 hits, 0 errors, 0 left on base; Boston 0 - Phoenix 0
TOP OF THE 2ND
Boston Patriots batting - Pitching for Phoenix Hotspur : RHP Miguel Rubia
Batting: LHB Jorge Alejándrez 0-0: Foul Ball, location: 2F
0-1: Ball
1-1: Swinging Strike
1-2: Ball
2-2: Strikes out looking
Batting: RHB Omer Yurtseven 0-0: Ground out 5-3 (Groundball, 56S)
Batting: RHB Juan Tellado 0-0: Ball
1-0: Hit by Pitch
Batting: RHB Roland Deschain 0-0: Ball
Juan Tellado is caught stealing 2nd base
Top of the 2nd over - 0 runs, 0 hits, 0 errors, 0 left on base; Boston 0 - Phoenix 0
BOTTOM OF THE 2ND
Phoenix Hotspur batting - Pitching for Boston Patriots : RHP José García
Batting: LHB Harumi Takaki 0-0: Ball
1-0: Fly out, F9 (Line Drive, 9D)
Batting: RHB Dale Everest 0-0: Ball
1-0: Foul Ball, location: 2F
1-1: Foul Ball, location: 2F
1-2: Ball
2-2: SINGLE (Line Drive, 34D)
Batting: LHB Jason DeGeorge 0-0: Grounds into double play, 5-4-3 (Groundball, 56)
Bottom of the 2nd over - 0 runs, 1 hit, 0 errors, 0 left on base; Boston 0 - Phoenix 0
TOP OF THE 3RD
Boston Patriots batting - Pitching for Phoenix Hotspur : RHP Miguel Rubia
Batting: RHB Roland Deschain 0-0: Ball
1-0: Foul Ball, location: 2F
1-1: Ball
2-1: Fly out, F8 (Flyball, 8LD)
Batting: LHB Stanley Belote 0-0: Called Strike
0-1: Foul Ball, location: 2F
0-2: Ball
1-2: Strikes out swinging
Batting: RHB Francisco Agámez 0-0: Swinging Strike
0-1: Ball
1-1: Ball
2-1: Swinging Strike
2-2: Strikes out swinging
Top of the 3rd over - 0 runs, 0 hits, 0 errors, 0 left on base; Boston 0 - Phoenix 0
BOTTOM OF THE 3RD
Phoenix Hotspur batting - Pitching for Boston Patriots : RHP José García
Batting: LHB Mare Riseley 0-0: Ball
1-0: Ground out 3-1 (Groundball, 34)
Batting: LHB Mark Detamore 0-0: Called Strike
0-1: Called Strike
0-2: Ball
1-2: Foul Ball, location: 2F
1-2: Ground out 6-3 (Groundball, 6)
Batting: RHB Enrico Sánchez 0-0: Called Strike
0-1: Foul Ball, location: 2F
0-2: Strikes out looking
Bottom of the 3rd over - 0 runs, 0 hits, 0 errors, 0 left on base; Boston 0 - Phoenix 0
TOP OF THE 4TH
Boston Patriots batting - Pitching for Phoenix Hotspur : RHP Miguel Rubia
Batting: RHB Terry Armstrong 0-0: Called Strike
0-1: Ball
1-1: Foul Ball, location: 2F
1-2: Foul Ball, location: 2F
1-2: Ball
2-2: Ball
3-2: Ground out 5-3 (Groundball, 56)
Batting: LHB Manuel Carmona 0-0: Ball
1-0: Foul Ball, location: 2F
1-1: Foul Ball, location: 2F
1-2: Ball
2-2: SINGLE (Flyball, 56D)
Batting: LHB Jesús Reyes 0-0: Called Strike
0-1: Ball
1-1: Called Strike
1-2: Ball
2-2: Strikes out swinging
Manuel Carmona steals 2nd base
Batter strikes out.
Batting: LHB Jorge Alejándrez 0-0: Ball
1-0: Fly out, F7 (Flyball, 78D)
Top of the 4th over - 0 runs, 1 hit, 0 errors, 1 left on base; Boston 0 - Phoenix 0
BOTTOM OF THE 4TH
Phoenix Hotspur batting - Pitching for Boston Patriots : RHP José García
Batting: LHB Wagaw Lukongolo 0-0: Called Strike
0-1: Ball
1-1: DOUBLE (Line Drive, 7D)
Pitching: RHP Sam Mooney
Batting: RHB Pierre Bernard 0-0: Ball
1-0: SINGLE (Line Drive, 6M)
Wagaw Lukongolo to third
Runner from 3rd tries for Home, SAFE, no throw
Batting: LHB Tadayoshi Watanabe 0-0: Foul Ball, location: 2F
0-1: Swinging Strike
0-2: Foul Ball, location: 2F
0-2: Ball
1-2: Ball
2-2: Strikes out looking
Batting: LHB Harumi Takaki 0-0: Called Strike
0-1: Foul Ball, location: 2F
0-2: Ball
1-2: Foul Ball, location: 2F
1-2: Ball
2-2: Strikes out looking
Batting: RHB Dale Everest 0-0: Called Strike
0-1: Swinging Strike
0-2: Ball
1-2: Strikes out swinging
Bottom of the 4th over - 1 run, 2 hits, 0 errors, 1 left on base; Boston 0 - Phoenix 1
TOP OF THE 5TH
Boston Patriots batting - Pitching for Phoenix Hotspur : RHP Miguel Rubia
Batting: RHB Omer Yurtseven 0-0: Called Strike
0-1: SINGLE (Flyball, 78S)
Batting: RHB Juan Tellado 0-0: Bunted foul
0-1: Sac Bunt - play at first, batter OUT! 5-4
Omer Yurtseven to second
Batting: RHB Roland Deschain 0-0: Ball
1-0: Swinging Strike
1-1: Swinging Strike
1-2: Ball
2-2: Ground out 6-3 (Groundball, 6M)
Omer Yurtseven to third
Batting: LHB Stanley Belote 0-0: Called Strike
0-1: Ball
1-1: Foul Ball, location: 2F
1-2: Ball
2-2: Ball
3-2: Ground out U3 (Groundball, 34)
Top of the 5th over - 0 runs, 1 hit, 0 errors, 1 left on base; Boston 0 - Phoenix 1
BOTTOM OF THE 5TH
Phoenix Hotspur batting - Pitching for Boston Patriots : RHP Sam Mooney
Batting: LHB Jason DeGeorge 0-0: Ball
1-0: Ground out 6-3 (Groundball, 6M)
Batting: LHB Mare Riseley 0-0: Called Strike
0-1: Foul Ball, location: 2F
0-2: Strikes out swinging
Batting: LHB Mark Detamore 0-0: Swinging Strike
0-1: Ground out 4-3 (Groundball, 4)
Bottom of the 5th over - 0 runs, 0 hits, 0 errors, 0 left on base; Boston 0 - Phoenix 1
TOP OF THE 6TH
Boston Patriots batting - Pitching for Phoenix Hotspur : RHP Miguel Rubia
Batting: RHB Francisco Agámez 0-0: Ground out 5-3 (Groundball, 5)
Batting: RHB Terry Armstrong 0-0: Called Strike
0-1: Swinging Strike
0-2: Ball
1-2: Strikes out swinging
Batting: LHB Manuel Carmona 0-0: Ball
1-0: Fly out, F9 (Line Drive, 9S)
Top of the 6th over - 0 runs, 0 hits, 0 errors, 0 left on base; Boston 0 - Phoenix 1
BOTTOM OF THE 6TH
Phoenix Hotspur batting - Pitching for Boston Patriots : RHP Sam Mooney
Batting: RHB Enrico Sánchez 0-0: Called Strike
0-1: DOUBLE (Flyball, 78XD)
Batting: LHB Wagaw Lukongolo 0-0: Ball
1-0: Ball
2-0: Ball
3-0: Called Strike
3-1: Called Strike
3-2: SINGLE (Groundball, 56D)
Enrico Sánchez to third
Runner from 3rd tries for Home, SAFE, throw made home
Batting: RHB Pierre Bernard Pickoff Throw to First - Error! E1
Wagaw Lukongolo to second
0-0: Fly out, F3 (Popup, 23F)
Batting: LHB Tadayoshi Watanabe 0-0: Called Strike
Wagaw Lukongolo is caught stealing 3rd base
0-1: Foul Ball, location: 2F
0-2: Ball
1-2: Strikes out looking
Bottom of the 6th over - 1 run, 2 hits, 1 error, 0 left on base; Boston 0 - Phoenix 2
TOP OF THE 7TH
Boston Patriots batting - Pitching for Phoenix Hotspur : RHP Miguel Rubia
Batting: LHB Jesús Reyes 0-0: Foul Ball, location: 2F
0-1: Ball
1-1: Foul Ball, location: 2F
1-2: Foul Ball, location: 2F
1-2: SINGLE (Line Drive, 78S)
Batting: LHB Jorge Alejándrez 0-0: Ball
1-0: Foul Ball, location: 2F
1-1: Fly out, F8 (Flyball, 8LD)
Batting: RHB Omer Yurtseven 0-0: Ball
1-0: Foul Ball, location: 2F
1-1: Swinging Strike
1-2: Grounds into double play, 1-6-3 (Groundball, 13)
Top of the 7th over - 0 runs, 1 hit, 0 errors, 0 left on base; Boston 0 - Phoenix 2
BOTTOM OF THE 7TH
Phoenix Hotspur batting - Pitching for Boston Patriots : RHP Sam Mooney
Batting: LHB Harumi Takaki 0-0: Foul Ball, location: 2F
0-1: Ball
1-1: Ball
2-1: Swinging Strike
2-2: Ball
3-2: DOUBLE (Flyball, 8LXD)
Batting: RHB Dale Everest 0-0: Intentional Walk
Batting: LHB Jason DeGeorge 0-0: Called Strike
0-1: Ball
1-1: Ball
2-1: Foul Ball, location: 2F
2-2: Fielders Choice at 2nd, 3-6 (Groundball, 3)
Harumi Takaki to third
Batting: LHB Mare Riseley 0-0: Called Strike
Jason DeGeorge steals 2nd base
0-1: Ball
1-1: Ball
2-1: Foul Ball, location: 2F
2-2: Foul Ball, location: 2F
2-2: Foul Ball, location: 2F
2-2: SINGLE (Groundball, 4MD)
Harumi Takaki scores
Jason DeGeorge to third
Pitching: LHP Piotr Oja
Batting: LHB Mark Detamore 0-0: Ball
1-0: Foul Ball, location: 2F
1-1: Ball
2-1: SINGLE (Groundball, 34D)
Jason DeGeorge scores
Mare Riseley to second
Runner from 2nd tries for 3rd, SAFE, no throw
Batting: RHB Enrico Sánchez 0-0: Foul Ball, location: 2F
0-1: Ball
1-1: Foul Ball, location: 2F
1-2: Ball
2-2: SINGLE (Groundball, 6D)
Mare Riseley scores
Mark Detamore to second
Batting: LHB Wagaw Lukongolo 0-0: Called Strike
0-1: Ball
1-1: Ball
2-1: Ball
3-1: Grounds into double play, 6-4-3 (Groundball, 6)
Bottom of the 7th over - 3 runs, 4 hits, 0 errors, 1 left on base; Boston 0 - Phoenix 5
TOP OF THE 8TH
Boston Patriots batting - Pitching for Phoenix Hotspur : RHP Miguel Rubia
Batting: RHB Juan Tellado 0-0: Called Strike
0-1: Ball
1-1: Ground out 6-3 (Groundball, 6)
Batting: RHB Roland Deschain 0-0: Called Strike
0-1: Ball
1-1: Swinging Strike
1-2: Hit by Pitch
Batting: LHB Stanley Belote 0-0: Ball
1-0: Ball
2-0: Swinging Strike
2-1: Ball
3-1: Grounds into double play, 6-4-3 (Groundball, 6)
Top of the 8th over - 0 runs, 0 hits, 0 errors, 0 left on base; Boston 0 - Phoenix 5
BOTTOM OF THE 8TH
Phoenix Hotspur batting - Pitching for Boston Patriots : LHP Piotr Oja
Batting: RHB Pierre Bernard 0-0: Ball
1-0: Called Strike
1-1: Ball
2-1: Single, Error in OF, E9, batter to second base
Batting: LHB Tadayoshi Watanabe 0-0: Foul Ball, location: 2F
0-1: Ball
1-1: Foul Ball, location: 2F
1-2: Fly out, F9 (Flyball, 9S)
Batting: LHB Harumi Takaki 0-0: Ball
1-0: Ball
2-0: Foul Ball, location: 2F
2-1: Ball
3-1: Fly out, F5 (Popup, 6S)
Batting: RHB Dale Everest 0-0: Called Strike
0-1: Swinging Strike
0-2: Ball
1-2: Foul Ball, location: 2F
1-2: Strikes out looking
Bottom of the 8th over - 0 runs, 1 hit, 1 error, 1 left on base; Boston 0 - Phoenix 5
TOP OF THE 9TH
Boston Patriots batting - Pitching for Phoenix Hotspur : RHP Miguel Rubia
Now at 3B: Carl Tucker
Batting: RHB Francisco Agámez 0-0: Ground out 5-3 (Groundball, 5)
Batting: RHB Terry Armstrong 0-0: Ground out 5-3 (Groundball, 5S)
Batting: LHB Manuel Carmona 0-0: Foul Ball, location: 2F
0-1: Swinging Strike
0-2: Strikes out swinging
Top of the 9th over - 0 runs, 0 hits, 0 errors, 0 left on base; Boston 0 - Phoenix 5
Saturday, December 22nd, 2018 - OOTP Baseball 18.8 Build 76